 Dungeon Crawl Stone Soup version 0.30-a0-373-gd37427bb62 (webtiles) character file.

Game seed: 948070162332289300

379 Lobster4 the Shooter (level 6, -4/52 HPs)
             Began as a Hill Orc Hunter on Nov 24, 2022.
             Slain by an orc warrior
             ... wielding a +0 war axe
              (10 damage)
             ... on level 6 of the Dungeon.
             The game lasted 00:12:23 (2599 turns).

Lobster4 the Shooter (Hill Orc Hunter)              Turns: 2599, Time: 00:12:24

Health: -4/52      AC:  6    Str: 17    XL:     6   Next: 74%
Magic:  6/6        EV: 16    Int:  7    God:
Gold:   211        SH:  0    Dex: 18    Spells: 5/5 levels left

rFire   + + .      SeeInvis .    a - +2 shortbow (flame)
rCold   . . .      Faith    .    (shield currently unavailable)
rNeg    . . .      Spirit   .    c - +0 leather armour
rPois   .          Reflect  .    k - +2 hat of Gitzoe {rF++ Str+3 Int-2 Dex+2}
rElec   .          Harm     .    (no cloak)
rCorr   .          Rampage  .    (no gloves)
Will    .....                    l - +0 pair of boots
Stlth   +.........               (no amulet)
HPRegen 0.28/turn                w - +4 ring of evasion
MPRegen 0.10/turn                (no ring)

@: confused
A: no striking features
a: Convert to Beogh


You were on level 6 of the Dungeon.
You visited 1 branch of the dungeon, and saw 6 of its levels.

You collected 271 gold pieces.
You spent 60 gold pieces at shops.

Inventory:

Hand Weapons
 a - a +2 shortbow of flaming (weapon)
 b - a +2 antimagic hand axe
 d - a +0 sling
 e - a +0 shortbow
 q - a +0 short sword
 v - a +0 short sword of holy wrath
Armour
 c - a +0 leather armour (worn)
 k - the +2 hat of Gitzoe (worn) {rF++ Str+3 Int-2 Dex+2}
   (You acquired it on level 3 of the Dungeon)

   Str:       It affects your strength (+3).
   Int:       It affects your intelligence (-2).
   Dex:       It affects your dexterity (+2).
   rF:        It greatly protects you from fire.
 l - a +0 pair of boots (worn)
 m - a +0 scale mail
 r - a +0 helmet
Jewellery
 w - a +4 ring of evasion (left hand)
Wands
 o - a wand of quicksilver (6)
 z - a wand of flame (18)
Scrolls
 f - 2 scrolls of immolation
 h - 3 scrolls of teleportation
 u - a scroll of enchant armour {unknown}
 x - a scroll of magic mapping {unknown}
 y - a scroll of identify
Potions
 g - a potion of ambrosia
 i - a potion of magic
 j - 2 potions of curing
 n - a potion of heal wounds
 p - a potion of brilliance {unknown}
 s - a potion of berserk rage {unknown}
 t - a potion of might {unknown}


   Skills:
 + Level 4.2 Fighting
 + Level 0.0 Axes
 * Level 5.3 Ranged Weapons
 + Level 2.7 Armour
 + Level 2.7 Dodging
 - Level 1.0 Stealth
 + Level 1.1 Evocations


You had 5 spell levels left.
You didn't know any spells.
Your spell library contained the following spells:

 Spells                   Type           Power      Damage    Failure   Level
 Scorch                   Fire           0%         2d5       63%         2
 Ozocubu's Armour         Ice            0%         N/A       86%         3
 Flame Wave               Conj/Fire      0%         2d4       99%         4
 Metabolic Englaciation   Hex/Ice        0%         N/A       100%        5
 Simulacrum               Ice/Necr       0%         N/A       100%        6
 Summon Cactus Giant      Summ           0%         N/A       100%        6


Dungeon Overview and Level Annotations

Branches:
Dungeon (6/15)
 Temple: D:4-7

Altars:
Cheibriados
Fedhas
Kikubaaqudgha

Shops:
D:2 !   D:3 =   D:5 (

Annotations:
D:2 Sigmund
D:3 2 transporters


Message History

You shoot an arrow. The adder hisses angrily.
The arrow hits the orc priest!
The arrow burns the orc priest.
The orc priest shouts, "Beogh is our master!
Accept the truth or die!"
The orc priest is almost dead.
An orc warrior comes into view. It is wielding a +0 war axe.
The orc warrior shouts!
The orc priest shouts, "Beogh is our master!
Accept the truth or die!"
An orc wizard comes into view. It is wielding a +0 dagger.
An orc comes into view. It is wielding a +0 short sword.
Found 8 gold pieces.
The orc priest calls down the wrath of Beogh upon you.
Pain shoots through your body!
The orc wizard gestures at you while chanting.
You are confused.
The adder completely misses you.
The orc shouts! 3 kobolds and a bullfrog come into view.
The kobold shouts! x2; The bullfrog gives a loud, deep croak!
The orc priest shouts, "Join the one true god or die!"
The kobold throws a stone.
The stone barely misses you. The adder barely misses you.
You closely miss the adder. The adder barely misses you.
A kobold comes into view. It is wielding a +0 dagger.
The adder completely misses you.
The orc warrior attacks as you move away!
The orc warrior hits you with a +0 war axe!!
A kobold brigand comes into view.
It is wielding a +0 short sword and quivering poisoned darts.
The kobold brigand shouts!
The orc priest mumbles some strange prayers to Beogh against you.
Beogh smites you!
* * * LOW HITPOINT WARNING * * *
A kobold comes into view. It is wielding a +0 whip.
A kobold comes into view. It is wielding a +0 dagger.
There is an escape hatch in the ceiling here.
The kobold shouts!
The adder barely misses you. The bullfrog hits you.
* * * LOW HITPOINT WARNING * * *
The orc warrior hits you with a +0 war axe!
You die...

.. #...##
...#########...##
...........'....#
..........##...##
....?....#######
...............#
.##..oo.##...##
...##.oSo.##...#
.......@F.......#
................#
......KKK.......#
.......K........
................
...##.....##$...
... #KK...# ...#
.. ...K... ..


You could see an orc warrior, a kobold brigand, a bullfrog, an orc priest, an
orc wizard, an adder, an orc and 6 kobolds.

Vanquished Creatures
  A jelly (D:4)
  A hound (D:4)
  An iguana (D:4)
  2 orc wizards
  Robin (D:3)
  4 gnolls
  9 adders
  2 dart slugs (D:4)
  A worm (D:3)
  7 orcs
  8 ball pythons
  2 endoplasms
  4 giant cockroaches
  6 hobgoblins
  10 jackals
  8 kobolds
  3 quokkas
  6 bats
  A frilled lizard (D:3)
  20 goblins
  5 rats
102 creatures vanquished.

Vanquished Creatures (others)
  A plant (D:3)
  A withered plant (D:3)
2 creatures vanquished.

Grand Total: 104 creatures vanquished

Notes
Turn   | Place    | Note
-------+----------+-------------------------------------------
     0 | D:1      | Lobster4 the Hill Orc Hunter began the quest for the Orb.
     0 | D:1      | Reached XP level 1. HP: 18/18 MP: 1/1
   101 | D:1      | Reached XP level 2. HP: 25/25 MP: 2/2
   113 | D:1      | Reached skill level 1 in Stealth
   199 | D:1      | Reached skill level 4 in Ranged Weapons
   199 | D:1      | Reached XP level 3. HP: 30/30 MP: 3/3
   218 | D:1      | Reached skill level 1 in Armour
   673 | D:2      | Noticed Sigmund
   733 | D:2      | Reached XP level 4. HP: 36/38 MP: 4/4
  1069 | D:2      | Found Edwiukabb's Distillery.
  1080 | D:2      | Bought a potion of heal wounds for 60 gold pieces
  1364 | D:3      | Found a snail-covered altar of Cheibriados.
  1385 | D:3      | Reached XP level 5. HP: 43/45 MP: 5/5
  1571 | D:3      | Noticed Robin
  1584 | D:3      | Killed Robin
  1694 | D:3      | Found a transporter.
  1699 | D:3      | Found a transporter.
  1800 | D:3      | Found Juadere's Jewellery Emporium.
  1926 | D:3      | Identified a scroll of acquirement
  1926 | D:3      | Acquired the +2 hat of Gitzoe {rF++ Str+3 Int-2 Dex+2}
  2145 | D:3      | Found an ancient bone altar of Kikubaaqudgha.
  2146 | D:3      | Found a blossoming altar of Fedhas.
  2321 | D:4      | Reached skill level 5 in Ranged Weapons
  2321 | D:4      | Reached XP level 6. HP: 52/52 MP: 6/6
  2363 | D:4      | Reached skill level 1 in Evocations
  2569 | D:4      | You fall into a shaft and drop 2 floors!
  2576 | D:5      | Entered Level 5 of the Dungeon
  2576 | D:5      | Found Icus's Antique Weapon Shop.
  2591 | D:6      | Noticed an orc warrior
  2599 | D:6      | Slain by an orc warrior

Illustrated notes

Levels and vault maps discovered:
D:1:      minmay_arrival_semitransparent, layout_rooms
D:2:      kennysheep_big_flooded_room, layout_loops_ring, serial_shops, shop,
          kennysheep_generic_room_2, uniq_sigmund
D:3:      gammafunk_steamed_eel, layout_loops_cross, slow_altar_1,
          grunt_temple_overflow_growth_and_decay, serial_shops,
          nicolae_shop_trees, minivault_23, uniq_robin
D:4:      layout_cave_pods, temple_statues, minmay_surrounded
D:5:      nicolae_cairo_tiling_large, layout_basic, serial_shops,
          nicolae_take_the_stairs, gammafunk_ghost_grave,
          kb_lookout_dungeons_type
D:6:      layout_gridville, uniq_duvessa

Skill      XL: |  1  2  3  4  5  6 |
---------------+-------------------+-----
Stealth        | 1 |  1.0
Ranged Weapons | 4 5 |  5.3
Armour         | 1 2 |  2.7
Fighting       | 3 4 |  4.2
Dodging        | 2 |  2.7
Evocations     | 1 |  1.1

Action                   |  1- 3 |  4- 6 || total
-------------------------+-------+-------++-------
Melee: Shortbow          |       |     1 ||     1
 Fire: Shortbow          |    88 |   171 ||   259
  Use: Potion            |     1 |       ||     1
       Scroll            |       |     8 ||     8
Armor: Leather armour    |    13 |    24 ||    37
       Scale mail        |       |     8 ||     8
Dodge: Dodged            |    32 |    46 ||    78

Table legend: (Time is in decaauts)
 A = Elapsed time spent in this place.
 B = Non-inter-level travel time spent in this place.
 C = Inter-level travel time spent in this place.
 D = Time resting spent in this place.
 E = Time spent auto-exploring this place.
 F = Levels seen in this place.
 G = Mean time per level.
                   A        B        C        D        E       F      G
               +--------+--------+--------+--------+--------+-----+--------+
         Total |   2681 |   2618 |     63 |    191 |   1766 |   6 |  446.8 |
       Dungeon |   2681 |   2618 |     63 |    191 |   1766 |   6 |  446.8 |
               +--------+--------+--------+--------+--------+-----+--------+

Top non-repeatable levels by time:
     D:3: 940 daAuts
     D:2: 826 daAuts
     D:1: 518 daAuts
     D:4: 365 daAuts
     D:6: 25 daAuts
     D:5: 5 daAuts
